 Dungeon Crawl Stone Soup version 0.18.2-3-g5ac21b8443 (webtiles) character file.

83 Crauler the Chucker (level 4, 0/48 HPs)
             Began as an Ogre Hunter on Oct 30, 2023.
             Succumbed to an adder's poison
             ... on level 2 of the Dungeon.
             The game lasted 00:08:19 (1992 turns).

Crauler the Chucker (Ogre Hunter)                   Turns: 1992, Time: 00:08:20

Health: 0/48       AC:  1    Str: 17    XL:     4   Next: 44%
Magic:  4/4        EV: 10    Int: 10    God:
Gold:   199        SH:  0    Dex: 11    Spells: 0 memorised, 3 levels left

rFire  . . .     SeeInvis .     h - +0 whip
rCold  . . .     Gourm    .     (armour restricted)
rNeg   + . .     Faith    .     (no shield)
rPois  .         Spirit   .     (helmet restricted)
rElec  .         Dismiss  .     (no cloak)
rCorr  .         Reflect  .     (gloves unavailable)
SustAt .         Harm     .     (boots unavailable)
MR     .....                    (no amulet)
Stlth  +.........               (no ring)
                                u - ring of positive energy

@: lethally poisoned (0 -> -18), not resistant to hostile enchantments, very
unstealthy
A: unfitting armour, tough skin 1
a: no special abilities


You were on level 2 of the Dungeon.
You were hungry.

You visited 1 branch of the dungeon, and saw 2 of its levels.

You collected 199 gold pieces.

Inventory:

Hand Weapons
 a - a +0 short sword
 h - a +0 whip (weapon)
Missiles
 c - 4 large rocks (quivered)
 d - 2 throwing nets
 i - 24 poisoned needles
Armour
 w - a +0 robe
Jewellery
 u - a ring of positive energy (left hand)
Scrolls
 b - a scroll of recharging {unknown}
 g - a scroll of identify {unknown}
 k - a scroll of magic mapping {unknown}
 l - 3 scrolls of teleportation {unknown}
 o - a scroll of immolation {unknown}
 v - 2 scrolls of remove curse {unknown}
Potions
 e - a potion of degeneration {unknown}
 j - a potion of magic {unknown}
 m - 3 potions of heal wounds {unknown}
 r - 2 potions of lignification {unknown}
 t - a potion of mutation {unknown}
Comestibles
 f - a bread ration
 n - 2 beef jerkies
 p - a meat ration
 q - 2 royal jellies
 s - 4 fruits


   Skills:
 + Level 3.7 Fighting
 * Level 3.1 Maces & Flails
 + Level 4.3 Throwing
 + Level 2.3 Dodging
 - Level 0.7 Stealth


You had 3 spell levels left.
You didn't know any spells.

Dungeon Overview and Level Annotations

Branches:
Dungeon (2/15)

Altars:
Cheibriados
Gozag


Innate Abilities, Weirdness & Mutations

You are too large for most types of armour.
You have tough skin (AC +1).


Message History

The adder poisons you!
You closely miss the adder.
The adder is severely wounded.
* * * LOW HITPOINT WARNING * * *
You feel sick. The adder bites you.
* * * LOW HITPOINT WARNING * * *
You are more poisoned.
The adder poisons you! The adder bites you.
* * * LOW HITPOINT WARNING * * *
You are more poisoned.
The adder poisons you!
Unknown command.
Unknown command.
You miss the adder.
The adder is severely wounded.
* * * LOW HITPOINT WARNING * * *
You feel sick. The adder barely misses you.
You miss the adder.
The adder is severely wounded.
You die...

##...........# #
#.#.#..##.#.# # #.#..........
# ###########.#.......# #
#.........#.........#.# #
#.#######.###.#.>.....# # #.#
#.#.#.#g####### # #.#
#.....#S# # #.###########.#@#
#..[..........#.#
#############.#.#### #####
#.#....# #...# #.####.# #...#
#.#....#####...# #
#.#.#......'...# #
##############.#.#.#.####...#
# #..................#..#
##'#### #


You could see an adder and a goblin.

Vanquished Creatures
  4 adders (D:2)
  2 dart slugs
  A giant gecko (D:1)
  2 ball pythons
  4 giant cockroaches (D:1)
  6 goblins
  7 hobgoblins
  2 jackals
  3 bats
  2 giant newts (D:1)
  2 kobolds (D:2)
  5 rats (D:1)
  2 fungi (D:2)
42 creatures vanquished.

Notes
Turn   | Place    | Note
--------------------------------------------------------------
     0 | D:1      | Crauler the Ogre Hunter began the quest for the Orb.
     0 | D:1      | Reached XP level 1. HP: 22/22 MP: 1/1
    56 | D:1      | Reached XP level 2. HP: 21/31 MP: 2/2
   562 | D:1      | Reached skill level 1 in Maces & Flails
   641 | D:1      | Reached XP level 3. HP: 30/37 MP: 3/3
   942 | D:2      | Found a snail-covered altar of Cheibriados.
  1230 | D:2      | Found an opulent altar of Gozag.
  1374 | D:2      | Reached XP level 4. HP: 32/48 MP: 4/4
  1991 | D:2      | HP: 2/48 [poisoned by an adder]
  1992 | D:2      | Succumbed to an adder's poison

Skill      XL: |  1  2  3  4 |
---------------+-------------+-----
Fighting       | 3 |  3.7
Maces & Flails | 1 2 3 |  3.1
Dodging        | 2 |  2.3
Throwing       | |  4.3
Stealth        | |  0.7

Action                   |  1- 3 |  4- 6 || total
-------------------------+-------+-------++-------
Melee: Short sword       |    18 |       ||    18
       Whip              |   188 |    31 ||   219
Throw: Large rock        |       |     5 ||     5
 Stab: Sleeping          |     1 |       ||     1
  Eat: Chunk             |     2 |     1 ||     3
Armor: Robe              |    48 |       ||    48
       Skin              |     1 |     2 ||     3
Dodge: Dodged            |   116 |    15 ||   131
